[ AOE2 MATCH · #489822610 ]
UnrankedMongols vs Aztecs
Player's team · WIN
Rival team · LOSS
[ REPLAY ANALYSIS · EXTRACTED FROM THE RECORDED GAME ]
Feudal
8:56
Castle
34:14
Imperial
—
| APM avg | 43.9 |
| APM peak | 89 |
| eAPM avg | 13.5 |
| Villagers / military | 63 / 52 |
Focus
⚔️ 37.8% · 🌾 62.2%
Archer ×49 · Militia ×2 · Battering Ram ×1
Feudal
16:50
Castle
—
Imperial
—
| APM avg | 54.2 |
| APM peak | 112 |
| eAPM avg | 33.2 |
| Villagers / military | 50 / 38 |
Focus
⚔️ 43.9% · 🌾 56.1%
Archer ×17 · Skirmisher ×13 · Eagle Scout ×4 · Militia ×2 · Spearman ×2
Match map
Initial resources + every placement click. Lines = walls · curves = elevation contours. ◆ gold · ⬟ stone · ● berries · ✦ relic · ◌ wall gap
Your base· Open — unwalled flank
Philippvs II's base· Open — unwalled flank
Smoothed initial terrain · ◌ = detected wall gap · hover for details
Inputs per minute
— DS_Gitano Urbano - - Philippvs II
Build order — DS_Gitano Urbano
First 150 of 179 actions detected
| 0:00 | Create | Villager (Male) ×4 |
| 0:02 | Build | House |
| 0:03 | Build | House |
| 0:32 | Research | Loom |
| 0:57 | Create | Villager (Male) |
| 0:58 | Create | Villager (Male) |
| 1:00 | Research | Loom |
| 1:07 | Create | Villager (Male) |
| 1:16 | Build | Mill |
| 1:39 | Create | Villager (Male) |
| 2:24 | Create | Villager (Male) |
| 3:02 | Create | Villager (Male) |
| 3:16 | Create | Villager (Male) |
| 3:24 | Create | Villager (Male) |
| 3:39 | Build | House |
| 4:22 | Create | Villager (Male) |
| 4:41 | Create | Villager (Male) |
| 4:44 | Build | House |
| 4:56 | Create | Villager (Male) |
| 5:13 | Build | Lumber Camp |
| 5:31 | Create | Villager (Male) |
| 6:46 | Research | Feudal Age |
| 7:38 | Build | Mining Camp |
| 7:43 | Create | Villager (Male) |
| 8:56 | Age | Feudal Age |
| 9:04 | Create | Villager (Male) |
| 9:30 | Create | Villager (Male) |
| 9:40 | Create | Villager (Male) |
| 9:46 | Build | Barracks |
| 9:54 | Build | House |
| 9:57 | Create | Villager (Male) |
| 10:38 | Create | Villager (Male) |
| 10:44 | Build | House |
| 11:26 | Create | Villager (Male) |
| 11:40 | Create | Villager (Male) |
| 11:54 | Build | Archery Range |
| 12:04 | Create | Villager (Male) |
| 12:31 | Build | Lumber Camp |
| 12:34 | Create | Villager (Male) |
| 12:44 | Create | Villager (Male) |
| 13:09 | Create | Villager (Male) |
| 13:22 | Create | Villager (Male) |
| 14:03 | Create | Archer |
| 14:04 | Create | Archer |
| 14:08 | Build | House |
| 14:19 | Research | Town Watch |
| 14:23 | Create | Archer |
| 14:59 | Build | Mill |
| 15:13 | Build | Farm |
| 15:18 | Create | Archer |
| 15:20 | Build | House |
| 15:39 | Create | Archer |
| 15:59 | Create | Archer |
| 16:31 | Build | Blacksmith |
| 16:43 | Create | Villager (Male) |
| 16:52 | Create | Villager (Male) |
| 16:54 | Create | Archer |
| 17:12 | Build | Farm |
| 17:16 | Create | Villager (Male) |
| 17:21 | Build | House |
| 17:29 | Research | Fletching |
| 17:34 | Create | Archer |
| 17:46 | Create | Archer |
| 18:01 | Create | Villager (Male) |
| 18:02 | Create | Archer |
| 18:13 | Create | Villager (Male) |
| 18:18 | Build | House |
| 18:36 | Create | Archer |
| 18:52 | Build | Archery Range |
| 18:55 | Create | Villager (Male) |
| 19:02 | Create | Villager (Male) |
| 19:05 | Create | Archer |
| 19:26 | Create | Villager (Male) |
| 19:47 | Create | Militia |
| 19:48 | Create | Militia |
| 20:01 | Create | Archer |
| 20:01 | Create | Archer |
| 20:02 | Create | Villager (Male) |
| 20:12 | Create | Archer |
| 20:12 | Create | Archer |
| 20:28 | Create | Archer |
| 20:29 | Create | Archer |
| 20:30 | Create | Archer |
| 20:31 | Create | Villager (Male) |
| 21:04 | Build | Mining Camp |
| 21:14 | Create | Villager (Male) |
| 21:20 | Build | Watch Tower |
| 21:26 | Create | Archer |
| 21:37 | Build | Mining Camp |
| 21:38 | Create | Villager (Male) |
| 21:56 | Build | Market |
| 22:10 | Create | Villager (Male) |
| 22:27 | Build | House |
| 22:29 | Build | Palisade Wall |
| 22:39 | Create | Villager (Male) |
| 22:47 | Create | Archer |
| 22:47 | Create | Archer |
| 23:24 | Create | Villager (Male) |
| 23:24 | Create | Villager (Male) |
| 23:46 | Build | Watch Tower |
| 24:05 | Create | Villager (Male) |
| 24:37 | Create | Villager (Male) |
| 24:47 | Create | Villager (Male) |
| 24:59 | Build | Watch Tower |
| 25:03 | Build | House |
| 25:22 | Create | Archer |
| 25:22 | Create | Archer |
| 25:23 | Create | Archer |
| 25:24 | Create | Villager (Male) |
| 25:45 | Research | Town Watch |
| 25:58 | Create | Villager (Male) |
| 26:09 | Create | Villager (Male) |
| 26:31 | Build | Watch Tower |
| 26:33 | Create | Archer |
| 26:34 | Create | Archer |
| 26:50 | Create | Villager (Male) |
| 27:26 | Create | Villager (Male) |
| 27:33 | Create | Villager (Male) |
| 27:48 | Build | Farm |
| 27:48 | Build | Farm |
| 27:49 | Build | Farm |
| 27:49 | Build | Farm |
| 27:49 | Build | Farm |
| 27:50 | Build | Farm |
| 28:06 | Create | Archer |
| 28:06 | Create | Archer |
| 28:07 | Create | Archer |
| 28:08 | Create | Villager (Male) |
| 28:38 | Create | Archer |
| 28:39 | Create | Archer |
| 28:39 | Create | Villager (Male) |
| 28:59 | Create | Villager (Male) |
| 29:23 | Research | Wheelbarrow |
| 29:36 | Build | Lumber Camp |
| 29:55 | Build | Mining Camp |
| 30:01 | Create | Villager (Male) |
| 30:49 | Create | Archer |
| 30:49 | Create | Archer |
| 30:51 | Build | House |
| 31:27 | Research | Castle Age |
| 31:37 | Create | Archer |
| 31:37 | Create | Archer |
| 32:01 | Create | Archer |
| 32:01 | Create | Archer |
| 32:13 | Build | House |
| 32:29 | Research | Padded Archer Armor |
| 33:10 | Create | Archer |
| 33:10 | Create | Archer |
| 33:11 | Create | Archer |
| 33:27 | Create | Archer |
Build order — Philippvs II
First 150 of 186 actions detected
| 0:00 | Research | Loom |
| 0:06 | Build | House |
| 0:06 | Build | House |
| 0:11 | Create | Villager (Male) |
| 0:11 | Create | Villager (Male) |
| 0:12 | Create | Villager (Male) |
| 0:13 | Create | Villager (Male) |
| 1:28 | Build | House |
| 1:31 | Build | Palisade Wall |
| 1:34 | Build | Palisade Wall |
| 1:39 | Build | Palisade Wall |
| 2:06 | Create | Villager (Male) |
| 2:22 | Build | Palisade Wall |
| 2:54 | Build | Palisade Wall |
| 2:55 | Build | Palisade Wall |
| 3:04 | Create | Villager (Male) |
| 4:22 | Create | Villager (Male) |
| 4:22 | Create | Villager (Male) |
| 4:23 | Create | Villager (Male) |
| 4:24 | Create | Villager (Male) |
| 4:37 | Create | Villager (Male) |
| 5:02 | Build | House |
| 5:04 | Build | Palisade Wall |
| 5:08 | Build | Palisade Wall |
| 5:11 | Build | Palisade Wall |
| 5:16 | Create | Villager (Male) |
| 5:18 | Build | Mill |
| 5:46 | Create | Villager (Male) |
| 6:02 | Build | Palisade Wall |
| 6:09 | Build | Palisade Wall |
| 6:27 | Create | Villager (Male) |
| 6:28 | Create | Villager (Male) |
| 6:44 | Build | House |
| 6:47 | Build | Palisade Wall |
| 6:48 | Build | Palisade Wall |
| 7:03 | Create | Villager (Male) |
| 7:18 | Build | Palisade Wall |
| 7:22 | Build | Palisade Wall |
| 7:26 | Create | Villager (Male) |
| 7:27 | Create | Villager (Male) |
| 7:53 | Create | Villager (Male) |
| 8:43 | Build | House |
| 8:46 | Create | Villager (Male) |
| 9:02 | Create | Villager (Male) |
| 9:04 | Build | Lumber Camp |
| 9:42 | Create | Villager (Male) |
| 9:43 | Build | House |
| 10:34 | Build | Mill |
| 11:02 | Build | Farm |
| 11:03 | Build | Farm |
| 11:05 | Build | Farm |
| 11:15 | Create | Villager (Male) |
| 11:52 | Build | Farm |
| 12:21 | Build | Mining Camp |
| 12:28 | Create | Villager (Male) |
| 12:51 | Build | Palisade Wall |
| 13:34 | Build | Farm |
| 13:40 | Build | Mining Camp |
| 13:46 | Build | Mining Camp |
| 13:50 | Build | Mining Camp |
| 13:53 | Create | Villager (Male) |
| 14:11 | Build | Farm |
| 14:16 | Build | Farm |
| 14:33 | Build | House |
| 14:40 | Research | Feudal Age |
| 15:01 | Build | Palisade Wall |
| 15:26 | Build | Barracks |
| 16:50 | Age | Feudal Age |
| 16:54 | Build | Archery Range |
| 16:56 | Create | Villager (Male) |
| 17:03 | Build | Watch Tower |
| 17:06 | Create | Villager (Male) |
| 17:13 | Create | Eagle Scout |
| 17:14 | Create | Eagle Scout |
| 17:15 | Create | Villager (Male) |
| 17:40 | Build | Watch Tower |
| 17:46 | Build | House |
| 17:51 | Build | Farm |
| 17:52 | Create | Archer |
| 18:41 | Build | Watch Tower |
| 18:45 | Create | Archer |
| 18:53 | Create | Villager (Male) |
| 20:19 | Create | Villager (Male) |
| 20:21 | Build | Farm |
| 20:26 | Create | Archer |
| 20:26 | Create | Archer |
| 20:37 | Create | Villager (Male) |
| 20:45 | Create | Eagle Scout |
| 20:46 | Create | Archer |
| 21:03 | Create | Villager (Male) |
| 21:09 | Create | Archer |
| 21:13 | Create | Eagle Scout |
| 21:56 | Build | Watch Tower |
| 22:03 | Build | Farm |
| 22:04 | Create | Villager (Male) |
| 22:05 | Build | House |
| 22:11 | Create | Archer |
| 22:16 | Build | House |
| 22:33 | Create | Villager (Male) |
| 22:40 | Build | Farm |
| 22:41 | Create | Villager (Male) |
| 22:53 | Build | House |
| 22:54 | Build | Palisade Wall |
| 22:58 | Create | Skirmisher |
| 23:18 | Create | Villager (Male) |
| 23:20 | Create | Skirmisher |
| 23:25 | Create | Skirmisher |
| 23:30 | Build | Blacksmith |
| 23:31 | Create | Villager (Male) |
| 23:39 | Build | Farm |
| 23:47 | Create | Skirmisher |
| 24:02 | Build | Watch Tower |
| 24:05 | Research | Fletching |
| 24:05 | Research | Padded Archer Armor |
| 24:10 | Create | Skirmisher |
| 24:11 | Create | Villager (Male) |
| 24:36 | Create | Skirmisher |
| 24:42 | Build | Mining Camp |
| 24:52 | Create | Skirmisher |
| 25:12 | Create | Archer |
| 25:16 | Create | Villager (Male) |
| 25:29 | Create | Skirmisher |
| 25:39 | Create | Villager (Male) |
| 25:45 | Build | Watch Tower |
| 25:50 | Build | Lumber Camp |
| 26:32 | Create | Villager (Male) |
| 26:57 | Create | Archer |
| 26:58 | Create | Archer |
| 27:04 | Build | Watch Tower |
| 27:29 | Build | Farm |
| 27:44 | Build | Mining Camp |
| 27:51 | Build | House |
| 27:52 | Build | House |
| 28:02 | Build | House |
| 28:13 | Create | Villager (Male) |
| 28:52 | Build | Stone Wall |
| 28:58 | Build | Watch Tower |
| 29:05 | Build | Palisade Wall |
| 29:07 | Build | House |
| 29:14 | Create | Villager (Male) |
| 29:30 | Create | Archer |
| 29:30 | Create | Archer |
| 29:36 | Build | Farm |
| 29:37 | Build | Farm |
| 29:37 | Build | Farm |
| 29:37 | Build | Farm |
| 29:37 | Build | Farm |
| 29:38 | Build | Farm |
| 30:06 | Create | Archer |
| 30:14 | Build | Watch Tower |
Match timeline
| 1:31 | Philippvs II · wall_segment Palisade Wall x1 |
| 1:34 | Philippvs II · wall_segment Palisade Wall x1 |
| 1:39 | Philippvs II · wall_segment Palisade Wall x1 |
| 2:22 | Philippvs II · wall_segment Palisade Wall x1 |
| 2:54 | Philippvs II · wall_segment Palisade Wall x1 |
| 2:55 | Philippvs II · wall_segment Palisade Wall x1 |
| 5:04 | Philippvs II · wall_segment Palisade Wall x1 |
| 5:08 | Philippvs II · wall_segment Palisade Wall x1 |
| 5:11 | Philippvs II · wall_segment Palisade Wall x1 |
| 6:02 | Philippvs II · wall_segment Palisade Wall x1 |
| 6:09 | Philippvs II · wall_segment Palisade Wall x1 |
| 6:47 | Philippvs II · wall_segment Palisade Wall x1 |
| 6:48 | Philippvs II · wall_segment Palisade Wall x1 |
| 7:18 | Philippvs II · wall_segment Palisade Wall x1 |
| 7:22 | Philippvs II · wall_segment Palisade Wall x2 |
| 8:56 | DS_Gitano Urbano · age_up feudal |
| 9:46 | DS_Gitano Urbano · first_building Barracks |
| 11:54 | DS_Gitano Urbano · first_building Archery Range |
| 12:51 | Philippvs II · wall_segment Palisade Wall x1 |
| 15:01 | Philippvs II · wall_segment Palisade Wall x10 |
| 15:26 | Philippvs II · first_building Barracks |
| 16:50 | Philippvs II · age_up feudal |
| 16:54 | Philippvs II · first_building Archery Range |
| 22:29 | DS_Gitano Urbano · wall_segment Palisade Wall x3 |
| 22:54 | Philippvs II · wall_segment Palisade Wall x3 |
| 24:49 | DS_Gitano Urbano · first_market_buy 500 food |
| 28:52 | Philippvs II · wall_segment Stone Wall x1 |
| 29:05 | Philippvs II · wall_segment Palisade Wall x1 |
| 31:11 | DS_Gitano Urbano · first_market_sell 500 wood |
| 31:21 | Philippvs II · wall_segment Palisade Wall x2 |
| 31:22 | Philippvs II · wall_segment Palisade Wall x2 |
| 31:23 | Philippvs II · wall_segment Palisade Wall x3 |
| 31:24 | Philippvs II · wall_segment Palisade Wall x1 |
| 34:14 | DS_Gitano Urbano · age_up castle |
| 34:18 | DS_Gitano Urbano · first_building Castle |
| 34:51 | DS_Gitano Urbano · first_building Siege Workshop |
| 35:33 | Philippvs II · first_market_buy 100 food |
| 37:28 | Philippvs II · resign |
[ AI ANALYSIS · 1 CREDIT ]
What really happened in this match?
Wolo.gg analyzes every decision: build order, eco, micro, common mistakes by bracket. Personalized analysis on WhatsApp or Discord in 30 seconds.
Civ guide
Mongols
Perfil
DS_Gitano Urbano